Map: [ESL] NeoHumanity

Players

Reynor - Winner!

  • Race: Zerg Zerg

Astrea

  • Race: Protoss Protoss
  • League: Diamond

Event: IEM Katowice 2023

VOD

Have the link to the VOD?

Description

Time

  • Played on: Feb. 9, 2023, 8:59 a.m.
  • Length: 12:06

All games in this series

Show
View Real Time Build Order
Export as new Build Order

Reynor Zerg - Winner!

Build Orders: Hatch First 

Get SALT Encoding   

  12  0:00  Drone  
  13  0:12  Overlord  
  13  0:17  Drone  
  14  0:30  Drone x2  
  16  0:48  Hatchery  
  15  0:51  Drone  
  15  0:55  Drone  
  17  0:58  Drone  
  18  1:08  Extractor  
  17  1:14  Spawning Pool  
  17  1:16  Drone  
  17  1:19  Drone  
  18  1:27  Drone  
  19  1:38  Drone  
  20  1:49  Overlord  
  20  2:00  Drone x2, Queen x2  
  26  2:10  Drone  
  26  2:11  Zergling x2  
  28  2:21  Drone  
  28  2:22  Drone  
  30  2:33  Drone x2  
  30  2:36  Hatchery  
  31  2:42  Metabolic Boost  
  31  2:43  Overlord, Drone  
  32  2:50  Queen  
  34  2:53  Drone  
  34  2:54  Drone  
  36  3:01  Queen  
  36  3:05  Overlord  
  38  3:06  Drone  
  38  3:10  Drone x2  
  38  3:11  Zergling x2  
  42  3:15  Overlord  
  42  3:18  Drone  
  43  3:26  Drone  
  44  3:28  Queen  
  44  3:30  Drone  
  47  3:35  Unknown  
  47  3:36  Drone  
  47  3:41  Drone x3  
  47  3:43  Overlord  
  47  3:47  Drone  
  47  3:48  Queen  
  51  3:49  Drone  
  51  3:53  Spore Crawler  
  51  3:54  Drone  
  54  3:58  Drone  
  54  3:59  Drone  
  56  4:02  Queen  
  56  4:04  Drone  
  56  4:08  Overlord  
  56  4:09  Drone x2  
  61  4:11  Drone x2  
  61  4:13  Drone  
  61  4:16  Lair  
  65  4:19  Overlord  
  65  4:20  Drone  
  65  4:22  Drone  
  65  4:23  Drone  
  68  4:26  Drone x2  
  68  4:29  Overlord  
  68  4:30  Drone  
  71  4:33  Extractor  
  71  4:36  Drone  
  71  4:37  Roach Warren  
  71  4:38  Drone x2  
  72  4:42  Overlord  
  72  4:47  Pneumatized Carapace  
  72  4:53  Queen  
  72  4:59  Overlord  
  74  5:09  Overlord  
  74  5:15  Queen  
  74  5:17  Roach x12  
  74  5:18  Roach  
  74  5:20  Roach  
  104  5:23  Roach  
  104  5:26  Overlord  
  110  5:28  Roach x2  
  110  5:33  Roach x2, Zergling x2  
  115  5:39  Overlord  
  115  5:43  Roach, Zergling x10  
  115  5:45  Overlord  
  115  5:47  Ravager x2  
  115  5:48  Ravager  
  115  5:49  Zergling x4  
  127  5:52  Overlord  
  127  5:53  Ravager  
  127  5:54  Zergling x4  
  129  5:57  Overlord  
  129  6:00  Roach x2  
  129  6:02  Ravager  
  133  6:06  Zergling x2  
  133  6:09  Zergling x8  
  133  6:10  Ravager  
  136  6:19  Zergling x6  
  136  6:21  Zergling x4  
  130  6:26  Roach x2, Zergling x2  
  130  6:30  Ravager x2  
  130  6:31  Queen x3  
  130  6:32  Zergling x4  
  135  6:34  Ravager  
  135  6:36  Ravager  
  135  6:40  Zergling x8  
  135  6:42  Roach  
  125  6:49  Roach  
  125  6:50  Roach x2  
  125  6:52  Roach x2  
  127  6:57  Ravager  
  127  6:58  Zergling x6  
  127  6:59  Ravager  
  130  7:03  Roach  
  130  7:04  Roach, Zergling x2  
  130  7:06  Queen x3, Zergling x8  
  142  7:14  Zergling x4  
  139  7:18  Roach  
  139  7:20  Ravager  
  139  7:22  Zergling x4  
  142  7:26  Zergling x2  
  131  7:31  Zergling x2  
  131  7:35  Zergling x12  
  130  7:37  Hatchery  
  130  7:38  Roach x2  
  130  7:42  Queen, Zergling x6  
  131  7:50  Drone x2  
  131  7:51  Drone, Baneling Nest  
  131  7:52  Evolution Chamber  
  131  7:56  Drone x2  
  130  7:59  Drone  
  130  8:00  Drone x2  
  130  8:01  Drone  
  130  8:06  Drone x2  
  130  8:10  Overlord  
  127  8:13  Drone x2  
  127  8:15  Drone  
  127  8:16  Drone x3  
  127  8:20  Queen, Zerg Melee Weapons Level 1  
  127  8:21  Glial Reconstitution  
  127  8:23  Roach x2, Zergling x2  
  127  8:31  Roach x2, Zergling x6  
  127  8:32  Zergling x2  
  124  8:35  Roach, Zergling x2  
  124  8:36  Overlord, Centrifugal Hooks  
  123  8:45  Overlord  
  123  8:46  Roach x2  
  127  8:52  Roach  
  127  8:55  Roach  
  131  8:57  Roach x2  
  131  8:58  Roach x3  
  131  9:01  Roach  
  143  9:06  Roach  
  143  9:09  Hatchery  
  140  9:10  Zergling x4  
  140  9:12  Zergling x2  
  142  9:19  Zergling x4  
  142  9:21  Zergling x2  
  142  9:22  Zergling x2  
  145  9:26  Zergling x12  
  145  9:30  Zergling x2  
  145  9:31  Overseer  
  148  9:32  Zergling x4  
  148  9:33  Zergling x8  
  154  9:42  Overseer  
  154  9:43  Zergling x8  
  154  9:44  Ravager  
  154  9:45  Ravager x2  
  157  9:46  Roach  
  157  9:47  Overlord  
  157  9:49  Zergling x2  
  157  9:53  Overseer  
  157  9:54  Hatchery, Spore Crawler  
  157  9:56  Spore Crawler  
  157  9:57  Roach, Zergling x14  
  158  10:03  Zergling x10  
  153  10:13  Roach x2, Zergling x4  
  156  10:15  Zergling x6  
  158  10:21  Baneling x11  
  158  10:22  Baneling x12  
  158  10:26  Zergling x2  
  158  10:27  Zergling x10  
  164  10:31  Zergling x8  
  168  10:36  Zergling x12  
  168  10:40  Drone x2  
  168  10:41  Drone x2  
  178  10:43  Overlord  
  178  10:44  Zergling x2  
  178  10:45  Zergling x2  
  178  10:46  Zergling x2  
  181  10:52  Overlord  
  181  10:54  Baneling x10  
  180  11:03  Zergling x20  
  175  11:14  Zergling x22  
  175  11:15  Zergling x2  
  180  11:19  Zergling x4  
  180  11:24  Zergling x2  
  180  11:25  Zergling x4  
  169  11:28  Roach x2, Overseer, Zergling x6  
  169  11:29  Zergling x6  
  168  11:33  Overseer  
  168  11:34  Zergling x6  
  168  11:37  Overseer  
  168  11:39  Zergling x10  
  170  11:41  Zergling x2  
  170  11:42  Zergling x4  
  169  11:47  Zergling x6  
  169  11:48  Overseer x2  
Show
View Real Time Build Order
Export as new Build Order

Astrea Protoss 

Build Orders: Nexus First, Phoenix Opening 

Get SALT Encoding   

  12  0:00  Probe  
  13  0:12  Probe  
  14  0:17  Pylon  
  14  0:24  Probe  
  15  0:36  Probe  
  16  0:48  Probe  
  17  0:57  Nexus  
  17  1:07  Gateway  
  17  1:10  Probe  
  18  1:15  Assimilator  
  18  1:22  Probe  
  19  1:34  Probe  
  20  1:46  Nexus  
  20  1:55  Cybernetics Core  
  20  1:59  Probe (Chrono Boost)  
  21  2:05  Zealot  
  23  2:08  Probe (Chrono Boost)  
  23  2:13  Probe (Chrono Boost)  
  25  2:18  Probe (Chrono Boost)  
  25  2:21  Probe (Chrono Boost)  
  27  2:25  Probe (Chrono Boost)  
  27  2:26  Probe (Chrono Boost)  
  27  2:28  Warp Gate (Chrono Boost)  
  29  2:30  Adept (Chrono Boost)  
  29  2:35  Probe  
  32  2:39  Probe  
  33  2:48  Probe  
  33  2:51  Probe  
  35  2:58  Probe  
  36  2:59  Sentry  
  36  3:00  Probe  
  36  3:03  Probe  
  40  3:05  Gateway  
  40  3:07  Gateway  
  40  3:10  Probe  
  40  3:12  Probe  
  42  3:15  Probe  
  42  3:18  Pylon  
  43  3:22  Probe, Stalker  
  43  3:24  Probe  
  47  3:28  Probe  
  47  3:32  Phoenix  
  47  3:33  Assimilator  
  48  3:34  Probe  
  48  3:36  Probe  
  48  3:37  Shield Battery  
  48  3:40  Probe  
  51  3:43  Pylon  
  51  3:44  Assimilator  
  51  3:46  Probe  
  53  3:48  Probe  
  53  3:52  Probe  
  54  4:00  Probe (Chrono Boost)  
  54  4:01  Probe (Chrono Boost)  
  56  4:04  Forge, Probe (Chrono Boost)  
  56  4:06  Twilight Council  
  56  4:07  Pylon  
  57  4:12  Probe (Chrono Boost)  
  57  4:14  Probe (Chrono Boost)  
  57  4:15  Probe (Chrono Boost)  
  57  4:17  Probe (Chrono Boost)  
  60  4:19  Probe (Chrono Boost)  
  60  4:20  Pylon  
  60  4:22  Probe, Stalker  
  65  4:27  Assimilator, Probe  
  65  4:30  Protoss Ground Weapons Level 1 (Chrono Boost), Probe  
  67  4:32  Robotics Facility  
  67  4:35  Probe  
  67  4:36  Pylon  
  68  4:39  Probe  
  68  4:43  Probe  
  70  4:47  Probe  
  70  4:48  Gateway x2  
  70  4:51  Probe  
  70  4:52  Blink (Chrono Boost)  
  72  4:54  Gateway  
  72  4:55  Probe  
  72  4:59  Probe  
  74  5:03  Probe  
  74  5:04  Gateway  
  74  5:05  Gateway  
  75  5:07  Probe  
  75  5:08  Assimilator  
  75  5:09  Assimilator  
  75  5:11  Probe  
  77  5:15  Probe  
  77  5:16  Photon Cannon  
  77  5:19  Observer (Chrono Boost)  
  77  5:20  Pylon, Sentry  
  81  5:21  Sentry  
  81  5:25  Pylon  
  83  5:31  Stalker  
  83  5:32  Pylon  
  85  5:45  Observer  
  85  5:46  Stalker x4  
  85  5:47  Pylon  
  85  5:49  Stalker  
  95  5:51  Pylon  
  95  5:53  Shield Battery  
  95  5:56  Shield Battery  
  95  5:57  Stalker  
  95  6:02  Stalker x2  
  101  6:09  Stalker  
  101  6:10  Stalker x3  
  105  6:15  Zealot  
  105  6:17  Cybernetics Core  
  105  6:18  Pylon  
  105  6:25  Zealot x3  
  102  6:34  Zealot x2  
  102  6:39  Zealot x2  
  104  6:42  Zealot  
  100  6:48  Zealot x3  
  100  6:53  Pylon  
  103  6:58  Pylon  
  100  7:02  Stalker x2  
  100  7:05  Adept  
  96  7:11  Stalker x2  
  98  7:18  Stalker x2  
  102  7:26  Stalker  
  101  7:34  Observer  
  101  7:35  Dark Shrine  
  94  7:37  Gateway  
  94  7:39  Stalker x3  
  94  7:41  Stalker  
  91  7:52  Stalker  
  93  8:04  Stalker x3  
  93  8:05  Stalker  
  95  8:18  Stalker  
  95  8:19  Observer  
  79  8:28  Stalker x3  
  81  8:34  Stalker x2  
  85  8:42  Robotics Facility  
  85  8:52  Nexus, Protoss Ground Weapons Level 2 (Chrono Boost)  
  85  9:01  Probe  
  84  9:04  Dark Templar x3  
  84  9:09  Probe  
  89  9:13  Probe  
  90  9:19  Pylon  
  90  9:21  Probe  
  91  9:25  Probe  
  92  9:33  Probe, Stalker x3  
  92  9:38  Probe  
  100  9:45  Probe  
  101  9:47  Stalker x3  
  101  9:50  Probe  
  107  9:57  Probe  
  106  10:02  Probe  
  106  10:04  Stalker x3  
  111  10:11  Robotics Bay  
  111  10:13  Probe  
  110  10:20  Observer (Chrono Boost)  
  109  10:22  Shield Battery  
  109  10:23  Shield Battery  
  109  10:29  Gateway  
  109  10:30  Gateway  
  109  10:33  Shield Battery  
  109  10:36  Pylon, Stalker  
  109  10:39  Dark Templar  
  113  10:47  Probe x3  
  116  10:55  Disruptor (Chrono Boost)  
  112  11:00  Stalker x4  
  121  11:18  Stalker  
  83  11:29  Stalker x4  
  66  11:42  Stalker  
  68  11:55  Stalker x4  

Tags
 
Add a new tag
Caveats
  • Supply blocks, unpowered buildings, or Contaminate may cause inaccurate times.
  • Supply counts are checked every 10 seconds.